 Dungeon Crawl Stone Soup version 0.30-a0-605-gb2882149bf (webtiles) character file.

Game seed: 1137803146882035224

21229 wormed the Cleaver (level 12, -13/94 HPs)
             Began as a Gnoll Wanderer on Jan 7, 2023.
             Was a High Priest of Vehumet.
             Mangled by Kirke (17 damage)
             ... on level 2 of the Lair of Beasts.
             The game lasted 00:20:20 (15363 turns).

wormed the Cleaver (Gnoll Wanderer)                Turns: 15363, Time: 00:20:21

Health: -13/94     AC:  0    Str: 12    XL:     12   Next: 87%
Magic:  24/24      EV: 18    Int: 15    God:    Vehumet [*****.]
Gold:   1345       SH:  0    Dex: 13    Spells: 17/28 levels left

rFire   . . .      SeeInvis .      - Unarmed
rCold   . . .      Faith    .    (shield currently unavailable)
rNeg    . . .      Spirit   .    (body armour currently unavailable)
rPois   .          Reflect  .    (helmet currently unavailable)
rElec   .          Harm     .    (cloak currently unavailable)
rCorr   .          Rampage  .    (gloves currently unavailable)
Will    .....                    (boots currently unavailable)
Stlth   ++++                     o - amulet of the acrobat
HPRegen 0.35/turn                (ring currently unavailable)
MPRegen 0.19/turn                (ring currently unavailable)

@: pig-form, on berserk cooldown, slowed
A: fast, no casting, small, (fangs 1), strong nose, distributed training
a: Renounce Religion


You were on level 2 of the Lair of Beasts.
You worshipped Vehumet.
Vehumet was extremely pleased with you.
You were a filthy swine.
You visited 2 branches of the dungeon, and saw 14 of its levels.

You collected 1345 gold pieces.

Inventory:

Hand Weapons
 s - a +4 quarterstaff of chaos
 w - the +12 mace of Fyeq (melded) {freeze, rF+ rN+}
   (You found it on level 6 of the Dungeon)

   rF:        It protects you from fire.
   rN:        It protects you from negative energy.
Missiles
 p - 8 poisoned darts (quivered)
 u - a throwing net
 F - 4 silver javelins
Armour
 a - the +18 Lear's hauberk (melded)
   (You found it on level 4 of the Dungeon)
 c - the +1 scale mail of Seos {Int+8}
   (You found it on level 4 of the Dungeon)

   Int:       It affects your intelligence (+8).
 f - the +4 robe of the Silversmith {+Blink rC+ Str+4}
   (You found it on level 5 of the Dungeon)

   Str:       It affects your strength (+4).
   rC:        It protects you from cold.
   +Blink:    It lets you blink.
 r - a +0 cloak (melded)
 x - a +0 kite shield (melded)
Jewellery
 j - a +5 ring of evasion (melded)
 o - an amulet of the acrobat (around neck)
 t - a +6 ring of strength (melded)
 y - a +5 ring of evasion
 G - a ring of ice
Wands
 l - a wand of polymorph (7)
 A - a wand of acid (6)
 D - a wand of flame (9)
 E - a wand of digging (5)
 K - a wand of roots (3)
Scrolls
 e - 4 scrolls of fog
 h - 3 scrolls of immolation
 m - 7 scrolls of teleportation
 n - 4 scrolls of identify
 J - a scroll of enchant weapon
Potions
 b - 6 potions of curing
 g - 3 potions of flight
 i - 5 potions of magic
 k - 2 potions of attraction
 q - a potion of might
 B - 3 potions of ambrosia
 C - 3 potions of haste
 H - 2 potions of invisibility
 I - a potion of resistance
 L - a potion of lignification


   Skills:
 + Level 8.4 Fighting
 + Level 10.4 Short Blades
 + Level 8.0 Long Blades
 + Level 10.4 Axes
 + Level 8.0 Maces & Flails
 + Level 8.0 Polearms
 + Level 8.0 Staves
 + Level 8.0 Ranged Weapons
 + Level 8.0 Throwing
 + Level 8.0 Armour
 + Level 9.3 Dodging
 + Level 8.0 Stealth
 + Level 8.0 Shields
 + Level 8.0 Unarmed Combat
 + Level 8.5 Spellcasting
 + Level 6.6 Conjurations
 + Level 6.6 Hexes
 + Level 6.6 Summonings
 + Level 6.6 Necromancy
 + Level 6.6 Translocations
 + Level 6.6 Transmutations
 + Level 6.6 Fire Magic
 + Level 6.6 Ice Magic
 + Level 6.6 Air Magic
 + Level 6.6 Earth Magic
 + Level 6.6 Poison Magic
 + Level 8.7 Invocations
 + Level 8.0 Evocations


You had 17 spell levels left.
You knew the following spells:

 Your Spells              Type           Power      Damage    Failure   Level
a - Foxfire               Conj/Fire      100%       2x1d9     1%          1
b - Fireball              Conj/Fire      13%        3d7       5%          5
c - Irradiate             Conj/Tmut      13%        3d16      5%          5

Your spell library contained the following spells:

 Spells                   Type           Power      Damage    Failure   Level
 Ozocubu's Refrigeration  Ice            13%        4d10      80%         7
 Hailstorm                Conj/Ice       26%        3d7       1%          3
 Yara's Violent Unravell  Hex/Tmut       13%        3d7       5%          5
 Ice Form                 Ice/Tmut       26%        N/A       8%          4
 Summon Ice Beast         Ice/Summ       26%        N/A       8%          4
 Blade Hands              Tmut           13%        N/A       21%         5
 Summon Mana Viper        Hex/Summ       26%        N/A       21%         5
 Starburst                Conj/Fire      13%        6d5       28%         6
 Simulacrum               Ice/Necr       13%        N/A       75%         6
 Dragon Form              Tmut           13%        N/A       99%         7
 Enfeeble                 Hex            13%        N/A       99%         7
 Monstrous Menagerie      Summ           13%        N/A       99%         7


Dungeon Overview and Level Annotations

Branches:
Dungeon (11/15)            Temple (0/1) D:6            Lair (3/5) D:11
  Swamp (0/4) Lair:2          Orc (0/2) D:9
  Snake: Lair:2-3    Spider: Lair:2-3

Altars:
Ashenzari
Cheibriados
Dithmenos
Elyvilon
Fedhas
Gozag
Kikubaaqudgha
Makhleb
Okawaru
Sif Muna
Trog
Uskayaw
Vehumet
Wu Jian
Yredelemnul
Jiyva

Shops:
D:5 (   D:7 [   D:9 ?

Annotations:
D:9 3 runed translucent doors, Shayle's ghost, novice TeRe
D:10 3 runed translucent doors, pigah's ghost, journeyman OpWn
Lair:2 2 transporters
Lair:3 Kirke; Nergalle


Innate Abilities, Weirdness & Mutations

You are a filthy swine.
You move quickly.
Your equipment is almost entirely melded.
You are incapable of wielding weapons or throwing items.
You cannot cast spells.
((You have very sharp teeth.))
Your uncanny sense of smell can sniff out nearby items.
Your experience applies equally to all skills.


Message History

The +12 mace of Fyeq {freeze, rF+ rN+} melds into your body.
Your +0 cloak melds into your body.
Your +0 kite shield melds into your body.
The +18 Lear's hauberk melds into your body.
Your +5 ring of evasion melds into your body.
Your +6 ring of strength melds into your body.
The +12 mace of Fyeq {freeze, rF+ rN+} stops glowing.
You feel weaker. The hog bites you.
Your life force feels restored.
You barely miss the bullfrog.
The bullfrog is severely wounded.
The bullfrog hits you! The hog misses you. The hog closely misses you.
You closely miss the bullfrog.
The bullfrog is severely wounded.
The bullfrog closely misses you. Something hits you.
You closely miss the bullfrog.
The bullfrog is severely wounded.
The hog barely misses you. The hog bites you!
* * * LOW HITPOINT WARNING * * *
The bullfrog closely misses you.
You bite the bullfrog!
You kill the bullfrog!
Vehumet accepts your kill. Something hits you.
* * * LOW HITPOINT WARNING * * *
The hog barely misses you. The hog closely misses you.
You closely miss the hog. You bite the hog!
The hog is heavily wounded.
You are no longer berserk.
You are exhausted.
You feel yourself slow down. The hog closely misses you. Something hits you!
* * * LOW HITPOINT WARNING * * *
The hog bites you!
* * * LOW HITPOINT WARNING * * *
As you read the scroll of fear, it crumbles to dust.
You assume a fearsome visage.
The hog looks frightened! x2
Something hits you!
You die...

# #..........................##
# ##...........................#
###..>........................##
.P.#...........................#
..............................P#
..##...........................#
###...........................##
.###............÷{............#
.###...........†h†h...........#
###.............†..<..........#
###...............h...........#
.###..........................#
.##.##.#.............♣♣.♣♣#####
#######.............♣♣♣~♣♣♣ E°○.
#.............♣§§~≈§♣
(○°.###....#........♣§§>§♣♣
....#...#...........♣♣§§§♣


You could see 2 hogs.

Vanquished Creatures
  Fannar (D:10)
  4 two-headed ogres (D:11)
  Pikel (D:9)
  A torpor snail (Lair:2)
  Joseph (D:7)
  2 cane toads
  2 rime drakes (Lair:2)
  3 unseen horrors
  3 komodo dragons
  Psyche (D:8)
  A tyrant leech (Lair:2)
  A troll (D:10)
  4 blink frogs
  33 yaks
  A wraith (D:11)
  A shadow (D:9)
  A vampire (D:11)
  3 fire bats (Lair:2)
  A wyvern (Lair:3)
  A basilisk (Lair:2)
  A golden eye (D:4)
  4 steam dragons
  Grum (D:8)
  3 vampire mosquitoes (D:11)
  An acid dragon (D:9)
  6 water moccasins
  3 black bears
  6 orc warriors
  4 ogres
  2 sky beasts (D:8)
  4 wolves (D:8)
  4 centaurs
  A phantom (D:5)
  A kobold brigand (D:8)
  11 bullfrogs
  3 scorpions
  A necrophage (D:5)
  A water moccasin zombie (D:4)
  9 wights
  9 killer bees
  8 electric eels
  7 howler monkeys
  5 orc priests
  3 hounds
  A gnoll bouda (D:9)
  4 iguanas
  Terence (D:3)
  4 orc wizards
  A hound zombie (D:4)
  Robin (D:3)
  10 adders
  9 gnolls
  2 shadow imps (D:7)
  2 white imps
  An ufetubus (D:5)
  2 adder zombies (D:4)
  5 worms
  A dart slug (D:2)
  29 orcs
  6 ball pythons
  2 bats
  7 endoplasms
  A giant cockroach (D:2)
  12 goblins
  10 hobgoblins
  7 jackals (D:1)
  5 quokkas
  3 frilled lizards (D:1)
  5 kobolds
  A quokka zombie (D:4)
  6 rats
  A spectral hobgoblin (D:1)
303 creatures vanquished.

Vanquished Creatures (collateral kills)
  A foxfire (D:3)
1 creature vanquished.

Vanquished Creatures (others)
  115 foxfires
  A fungus (Lair:3)
  6 plants
122 creatures vanquished.

Grand Total: 426 creatures vanquished

Notes
Turn   | Place    | Note
-------+----------+-------------------------------------------
     0 | D:1      | wormed the Gnoll Wanderer began the quest for the Orb.
     0 | D:1      | wormed set off with the following items: a +2 short sword,
                  | a +0 hand axe, a +0 pair of boots, a scroll of fear, a +0
                  | leather armour.
     0 | D:1      | Reached XP level 1. HP: 17/17 MP: 4/4
    47 | D:1      | Reached XP level 2. HP: 17/23 MP: 5/5
    93 | D:1      | You fall into a shaft and drop 1 floor!
   288 | D:1      | Reached XP level 3. HP: 28/28 MP: 7/7
   765 | D:1      | Reached skill level 1 in Invocations
  1031 | D:1      | Found a faded altar of an unknown god.
  1042 | D:1      | Prayed at the altar of an unknown god.
  1042 | D:1      | Became a worshipper of Vehumet
  1042 | D:1      | Reached * piety under Vehumet
  1042 | D:1      | Offered knowledge of Kiss of Death by Vehumet.
  1045 | D:1      | Learned a level 1 spell: Foxfire
  1210 | D:2      | Reached skill level 1 in Long Blades
  1210 | D:2      | Reached skill level 1 in Maces & Flails
  1210 | D:2      | Reached skill level 1 in Polearms
  1210 | D:2      | Reached skill level 1 in Staves
  1210 | D:2      | Reached skill level 1 in Ranged Weapons
  1210 | D:2      | Reached skill level 1 in Throwing
  1210 | D:2      | Reached skill level 1 in Armour
  1210 | D:2      | Reached skill level 1 in Stealth
  1210 | D:2      | Reached skill level 1 in Shields
  1210 | D:2      | Reached skill level 1 in Unarmed Combat
  1210 | D:2      | Reached skill level 1 in Evocations
  1479 | D:2      | Reached XP level 4. HP: 23/34 MP: 4/8
  2017 | D:3      | Found a hide-covered altar of Uskayaw.
  2154 | D:3      | Noticed Terence
  2250 | D:3      | Killed Terence
  2251 | D:3      | Reached skill level 1 in Conjurations
  2251 | D:3      | Reached skill level 1 in Hexes
  2251 | D:3      | Reached skill level 1 in Summonings
  2251 | D:3      | Reached skill level 1 in Necromancy
  2251 | D:3      | Reached skill level 1 in Translocations
  2251 | D:3      | Reached skill level 1 in Transmutations
  2251 | D:3      | Reached skill level 1 in Fire Magic
  2251 | D:3      | Reached skill level 1 in Ice Magic
  2251 | D:3      | Reached skill level 1 in Air Magic
  2251 | D:3      | Reached skill level 1 in Earth Magic
  2251 | D:3      | Reached skill level 1 in Poison Magic
  2333 | D:3      | Found a bloodstained altar of Trog.
  2792 | D:3      | Noticed Robin
  2806 | D:3      | Reached XP level 5. HP: 37/40 MP: 6/9
  2856 | D:3      | Killed Robin
  2856 | D:3      | Offered knowledge of Sandblast by Vehumet.
  2984 | D:3      | Found a runed translucent door.
  2985 | D:3      | Noticed Crazy Yiuf
  3270 | D:3      | Crazy Yiuf changed into Crazy Yiuf the howler monkey
  3270 | D:3      | Noticed Crazy Yiuf
  3286 | D:3      | Killed Crazy Yiuf the howler monkey
  3446 | D:4      | Found the +18 Lear's hauberk
  3455 | D:4      | Reached ** piety under Vehumet
  3531 | D:4      | Noticed a steam dragon
  3533 | D:4      | a steam dragon changed into a golden eye
  3533 | D:4      | Noticed a golden eye
  3612 | D:4      | Killed a golden eye
  3613 | D:4      | Reached skill level 5 in Dodging
  3613 | D:4      | Reached XP level 6. HP: 47/47 MP: 9/11
  3865 | D:4      | Reached XP level 7. HP: 52/52 MP: 12/12
  3920 | D:4      | Found a broken altar of Ashenzari.
  4713 | D:4      | Identified the +1 scale mail of Seos {Int+8}
  4734 | D:4      | Found a basalt altar of Yredelemnul.
  5100 | D:5      | Entered Level 5 of the Dungeon
  5415 | D:5      | Reached XP level 8. HP: 60/60 MP: 14/14
  5587 | D:5      | Identified the +4 robe of the Silversmith {+Blink rC+
                  | Str+4}
  5746 | D:5      | Found a shimmering blue altar of Sif Muna.
  5809 | D:5      | Found a snail-covered altar of Cheibriados.
  5914 | D:5      | Found Neil's Weapon Emporium.
  5971 | D:6      | Found a staircase to the Ecumenical Temple.
  6262 | D:6      | Identified the +12 mace of Fyeq {freeze, rF+ rN+}
  6412 | D:6      | Found an opulent altar of Gozag.
  6416 | D:6      | Offered knowledge of Dazzling Flash by Vehumet.
  6447 | D:6      | Found a shadowy altar of Dithmenos.
  6547 | D:7      | Noticed Joseph
  6555 | D:7      | Killed Joseph
  6556 | D:7      | Reached skill level 5 in Spellcasting
  6556 | D:7      | Reached XP level 9. HP: 65/67 MP: 16/16
  6589 | D:7      | Reached skill level 5 in Fighting
  6653 | D:7      | Reached *** piety under Vehumet
  6835 | D:7      | Reached skill level 5 in Invocations
  6975 | D:7      | Found an iron altar of Okawaru.
  7231 | D:7      | Found Araocoqi's Antique Armour Boutique.
  7313 | D:7      | Found an ornate altar of the Wu Jian Council.
  7403 | D:7      | Learned a level 5 spell: Fireball
  7409 | D:7      | Learned a level 5 spell: Irradiate
  7557 | D:8      | Identified the +1 whip "Rummage" {drain, Int+4}
  7565 | D:8      | Offered knowledge of Mephitic Cloud by Vehumet.
  7598 | D:8      | Noticed Psyche
  7603 | D:8      | Killed Psyche
  7804 | D:8      | Reached skill level 5 in Long Blades
  7804 | D:8      | Reached skill level 5 in Maces & Flails
  7804 | D:8      | Reached skill level 5 in Polearms
  7804 | D:8      | Reached skill level 5 in Staves
  7804 | D:8      | Reached skill level 5 in Ranged Weapons
  7804 | D:8      | Reached skill level 5 in Throwing
  7804 | D:8      | Reached skill level 5 in Armour
  7804 | D:8      | Reached skill level 5 in Stealth
  7804 | D:8      | Reached skill level 5 in Shields
  7804 | D:8      | Reached skill level 5 in Unarmed Combat
  7804 | D:8      | Reached skill level 5 in Evocations
  7804 | D:8      | Reached XP level 10. HP: 66/76 MP: 18/18
  7875 | D:8      | Noticed Grum
  7892 | D:8      | Killed Grum
  8241 | D:8      | Reached **** piety under Vehumet
  8320 | D:8      | Offered knowledge of Inner Flame by Vehumet.
  8358 | D:8      | Killed an unseen horror
  8971 | D:9      | Found a staircase to the Orcish Mines.
  9001 | D:9      | Noticed a death knight
  9002 | D:9      | Found a runed translucent gate.
  9002 | D:9      | Noticed Shayle's ghost (novice TeRe)
  9004 | D:9      | Found a runed translucent gate.
  9004 | D:9      | Found a runed translucent gate.
  9004 | D:9      | Noticed a boulder beetle
  9033 | D:9      | Found Qewyky's Magic Scroll Shop.
  9041 | D:9      | Reached skill level 5 in Conjurations
  9041 | D:9      | Reached skill level 5 in Hexes
  9041 | D:9      | Reached skill level 5 in Summonings
  9041 | D:9      | Reached skill level 5 in Necromancy
  9041 | D:9      | Reached skill level 5 in Translocations
  9041 | D:9      | Reached skill level 5 in Transmutations
  9041 | D:9      | Reached skill level 5 in Fire Magic
  9041 | D:9      | Reached skill level 5 in Ice Magic
  9041 | D:9      | Reached skill level 5 in Air Magic
  9041 | D:9      | Reached skill level 5 in Earth Magic
  9041 | D:9      | Reached skill level 5 in Poison Magic
  9041 | D:9      | Reached XP level 11. HP: 72/83 MP: 21/21
  9280 | D:9      | Noticed Pikel
  9294 | D:9      | Killed Pikel
 10026 | D:10     | Entered Level 10 of the Dungeon
 10378 | D:10     | Found a blossoming altar of Fedhas.
 10378 | D:10     | Found an ancient bone altar of Kikubaaqudgha.
 10454 | D:10     | Found a white marble altar of Elyvilon.
 10526 | D:10     | Found a burning altar of Makhleb.
 10718 | D:10     | Found a runed translucent gate.
 10718 | D:10     | Found a runed translucent gate.
 10718 | D:10     | Found a runed translucent gate.
 10824 | D:10     | Noticed pigah's ghost (journeyman OpWn)
 10918 | D:10     | Found a radiant altar of Vehumet.
 10938 | D:10     | Noticed Fannar
 10978 | D:10     | Killed Fannar
 11276 | D:10     | Found a viscous altar of Jiyva.
 11641 | D:11     | Noticed a two-headed ogre
 11653 | D:11     | Killed a two-headed ogre
 11779 | D:11     | Noticed a two-headed ogre
 11785 | D:11     | Killed a two-headed ogre
 11974 | D:11     | Noticed a two-headed ogre
 11983 | D:11     | Killed a two-headed ogre
 12146 | D:11     | Noticed a two-headed ogre
 12151 | D:11     | Killed a two-headed ogre
 12217 | D:11     | Reached XP level 12. HP: 40/91 MP: 23/23
 12881 | D:11     | Found a staircase to the Lair.
 13123 | Lair:1   | Entered Level 1 of the Lair of Beasts
 13211 | Lair:1   | Reached ***** piety under Vehumet
 13226 | Lair:1   | Offered knowledge of Ozocubu's Refrigeration by Vehumet.
 13227 | Lair:1   | Reached skill level 10 in Short Blades
 13227 | Lair:1   | Reached skill level 10 in Axes
 14069 | Lair:2   | Found a staircase to the Swamp.
 14128 | Lair:2   | Found a transporter.
 14242 | Lair:2   | Identified the +1 chain mail of Cloud Cover {rF+ Slay+3}
 14449 | Lair:2   | Found a transporter.
 15322 | Lair:3   | Noticed Nergalle
 15329 | Lair:3   | Noticed Kirke
 15345 | Lair:2   | HP: 4/91 [lindwurm/blast of flame[Kirke] (8)]
 15362 | Lair:2   | HP: 4/94 [hog[Kirke] (9)]
 15363 | Lair:2   | Mangled by Kirke

Illustrated notes

Levels and vault maps discovered:
D:1:      scummos_arrival_simple_crosswalls, layout_loops_corners,
          dreamdust_ecumenical_altar_drowned_temple,
          wander_ebering_terrifying_dragon_lair
D:2:      layout_rooms, grunt_decor_fettered, minmay_misc_feat_iff,
          dk_noncrumbling_4
D:3:      layout_basic, mainiacjoe_overflow_chevrons, lemuel_tele_altar,
          uniq_robin, uniq_crazy_yiuf_cottage, uniq_terence
D:4:      layout_layer_cave, evilmike_ruin_ashenzari,
          nicolae_yredelemnul_corpse_copse, minmay_distorted
D:5:      layout_basic, chei_slow_surprise, mainiacjoe_overflow_24_doors,
          serial_shops, shop_statue, minmay_misc_feat_tower,
          dreamdust_mushroom_princess
D:6:      layout_basic, grunt_dithmenos_smoke, grunt_gozag_statues,
          minmay_temple_entry_water_ring
D:7:      layout_loops_ring, okawaru_metal_pillars_1_2,
          nzn_wu_jian_council_hall, serial_shops, nicolae_shop_statue_plus,
          uniq_joseph
D:8:      minmay_polygon_palace, layout_basic, uniq_grum, uniq_psyche
D:9:      layout_cave_pods, david_orc_3, gammafunk_ghost_split,
          minmay_misc_feat_alley, kennysheep_small_circle, uniq_pikel
D:10:     layout_stronghold, grunt_temple_overflow_growth_and_decay,
          elyvilon_altar_5, mainiacjoe_overflow_alcove_1, lemuel_doored_altar,
          gammafunk_ghost_ooze, uniq_fannar
D:11:     layout_basic, david_lair_shrubbed
Lair:1:   layout_roguey, serial_bayou_shore_b, grunt_megastairs_5
Lair:2:   gammafunk_cloud_chamber, layout_gridlike, minmay_swamp_entry_worms
Lair:3:   layout_small_grid, hellmonk_spider_entry_life_and_decay,
          lemuel_fruit_tree, uniq_kirke, uniq_nergalle

Skill      XL: |  1  2  3  4  5  6  7  8  9 10 11 12 |
---------------+-------------------------------------+-----
Invocations    | 1 2 3 4 5 6 7 8 |  8.7
Long Blades    | 1 2 3 4 5 6 7 8 |  8.0
Maces & Flails | 1 2 3 4 5 6 7 8 |  8.0
Polearms       | 1 2 3 4 5 6 7 8 |  8.0
Staves         | 1 2 3 4 5 6 7 8 |  8.0
Ranged Weapons | 1 2 3 4 5 6 7 8 |  8.0
Throwing       | 1 2 3 4 5 6 7 8 |  8.0
Armour         | 1 2 3 4 5 6 7 8 |  8.0
Stealth        | 1 2 3 4 5 6 7 8 |  8.0
Shields        | 1 2 3 4 5 6 7 8 |  8.0
Unarmed Combat | 1 2 3 4 5 6 7 8 |  8.0
Evocations     | 1 2 3 4 5 6 7 8 |  8.0
Spellcasting   | 3 4 5 6 7 8 |  8.5
Conjurations   | 1 2 3 4 5 6 |  6.6
Hexes          | 1 2 3 4 5 6 |  6.6
Summonings     | 1 2 3 4 5 6 |  6.6
Necromancy     | 1 2 3 4 5 6 |  6.6
Translocations | 1 2 3 4 5 6 |  6.6
Transmutations | 1 2 3 4 5 6 |  6.6
Fire Magic     | 1 2 3 4 5 6 |  6.6
Ice Magic      | 1 2 3 4 5 6 |  6.6
Air Magic      | 1 2 3 4 5 6 |  6.6
Earth Magic    | 1 2 3 4 5 6 |  6.6
Poison Magic   | 1 2 3 4 5 6 |  6.6
Fighting       | 3 4 5 6 7 8 |  8.4
Dodging        | 5 6 7 8 9 |  9.3
Short Blades   | 7 8 9 10 | 10.4
Axes           | 7 8 9 10 | 10.4

Action                   |  1- 3 |  4- 6 |  7- 9 | 10-12 || total
-------------------------+-------+-------+-------+-------++-------
Melee: Short sword       |   117 |   116 |       |       ||   233
       Bite              |     9 |    17 |    19 |    79 ||   124
       Punch             |     1 |       |       |    15 ||    16
       Unarmed           |       |     3 |       |     6 ||     9
       Quarterstaff      |       |    42 |   152 |       ||   194
       Mace              |       |       |   105 |   576 ||   681
Throw: Dart              |       |       |       |    18 ||    18
       Javelin           |       |       |       |     2 ||     2
       Throwing net      |       |       |       |     2 ||     2
 Cast: Foxfire           |    20 |    48 |       |       ||    68
Evoke: Wand              |       |     3 |       |     7 ||    10
  Use: Scroll            |       |     2 |    11 |    10 ||    23
       Potion            |       |       |       |     3 ||     3
 Stab: Sleeping          |     1 |     1 |     1 |       ||     3
Armor: Leather armour    |    21 |    18 |     7 |       ||    46
       Skin              |       |     4 |       |       ||     4
       Chain mail        |       |       |   166 |   455 ||   621
Dodge: Dodged            |    52 |   116 |   283 |   659 ||  1110
Block: Kite shield       |       |       |       |   218 ||   218

Table legend: (Time is in decaauts)
 A = Elapsed time spent in this place.
 B = Non-inter-level travel time spent in this place.
 C = Inter-level travel time spent in this place.
 D = Time resting spent in this place.
 E = Time spent auto-exploring this place.
 F = Levels seen in this place.
 G = Mean time per level.
                   A        B        C        D        E       F      G
               +--------+--------+--------+--------+--------+-----+--------+
         Total |  15409 |  14954 |    455 |    244 |  12119 |  14 | 1100.6 |
       Dungeon |  13124 |  12689 |    435 |    244 |  10315 |  11 | 1193.1 |
          Lair |   2284 |   2264 |     20 |      0 |   1803 |   3 |  761.3 |
               +--------+--------+--------+--------+--------+-----+--------+

Top non-repeatable levels by time:
     D:4: 1726 daAuts
    D:10: 1582 daAuts
    D:11: 1535 daAuts
  Lair:2: 1435 daAuts
     D:3: 1337 daAuts
     D:9: 1303 daAuts
     D:8: 1303 daAuts
     D:1: 1065 daAuts
     D:2: 911 daAuts
     D:7: 895 daAuts
     D:5: 866 daAuts
  Lair:1: 803 daAuts
     D:6: 595 daAuts
  Lair:3: 46 daAuts
